AoeStats
← ecerva.27

Arabia

505046421Analyzed
1v1 RM · 25d ago on Sep 7, 2026· 28m 25s· 2 players
Game mode
Random Map
Map size
Tiny (2 player)
Population
200
Speed
Normal
Resources
Standard
Victory
Conquest
Starting age
Dark Age
Ending age
Imperial Age
RankedLock teamsTeams togetherTeam positionsShared explorationLock speedFull tech treeHidden civsTurbo modeCheats
Victory
Defeat
🇫🇷 Lithuanians · France
1265
+14
🇲🇽 Byzantines · Mexico
1229
-14
ecerva.27
6:07 Loom
9:10 Feudal Age
11:09 Double-Bit Axe
12:37 Wheelbarrow
16:15 Fletching
17:13 Horse Collar
24:15 Castle Age
24:17 Crossbowman
24:58 Bodkin Arrow
25:15 Forging
28:01 Bow Saw
Spensounet
5:48 Loom
8:47 Feudal Age
10:40 Double-Bit Axe
11:27 Horse Collar
19:11 Castle Age
19:10 Scale Barding Armor
19:34 Bloodlines
21:44 Scale Mail Armor
21:58 Forging
Connection lost

Rejoining the realm…

Still unreachable

The connection could not be restored.

Session expired

The server has moved on; the page needs a fresh start.